 Dungeon Crawl Stone Soup version 0.23-a0-642-g3120c2f (webtiles) character file.

3600 George the Carver (level 9, -23/79 HPs)
             Began as a Minotaur Fighter on Dec 30, 2018.
             Was a Believer of the Shining One.
             Killed by the air
             ... invoked by Gastronok
              (27 damage)
             ... on level 8 of the Dungeon.
             The game lasted 00:09:35 (5582 turns).

George the Carver (Minotaur Fighter)                Turns: 5582, Time: 00:09:36

Health: -23/79     AC: 15    Str: 24    XL:     9   Next: 85%
Magic:  11/11      EV: 11    Int:  5    God:    the Shining One [**....]
Gold:   337        SH: 11    Dex: 10    Spells: 8/8 levels left

rFire    . . .     SeeInvis .   a - +0 long sword
rCold    . . .     Gourm    .   c - +0 shield
rNeg     + . .     Faith    .   b - +0 scale mail
rPois    .         Spirit   .   (helmet restricted)
rElec    .         Reflect  .   v - +1 cloak {+Inv}
rCorr    .         Harm     .   o - +0 pair of gloves
MR       .....                  y - +2 pair of boots
Stlth    ..........             (no amulet)
HPRegen  0.23/turn              (no ring)
MPRegen  0.12/turn              (no ring)

@: slowed, glowing, very slow
A: retaliatory headbutt, horns 2
a: Divine Shield, Renounce Religion, Evoke Invisibility


You were on level 8 of the Dungeon.
You worshipped the Shining One.
The Shining One was pleased with you.
You were not hungry.

You visited 2 branches of the dungeon, and saw 9 of its levels.

You collected 407 gold pieces.
You spent 70 gold pieces at shops.

Inventory:

Hand Weapons
 a - a +0 long sword (weapon)
 s - a +1 dagger of electrocution
 F - the +2 trident of Iconoclasm {venom, rN+ Str+6 Dex+3, unknown}
   (You found it on level 8 of the Dungeon)

   It poisons the flesh of those it strikes.
   It affects your strength (+6).
   It affects your dexterity (+3).
   It protects you from negative energy.
Armour
 b - a +0 scale mail (worn)
 c - a +0 shield (worn)
 o - a +0 pair of gloves (worn)
 v - a +1 cloak of invisibility (worn)
 y - a +2 pair of boots (worn)
Jewellery
 j - an uncursed ring of ice
Wands
 E - a wand of acid (5)
Scrolls
 h - a scroll of magic mapping
 m - a scroll of blinking
 n - a scroll of remove curse
 p - a scroll of fog
 t - a scroll of immolation
 u - a scroll of teleportation
 x - 2 scrolls of fear {unknown}
 C - a scroll of brand weapon
Potions
 d - 3 potions of might
 l - 3 potions of flight
 q - a potion of curing
 r - 2 potions of agility
 w - 2 potions of magic
 z - 2 potions of heal wounds
 A - a potion of berserk rage
 B - a potion of resistance
Comestibles
 f - 15 rations
 D - a chunk of flesh


   Skills:
 + Level 7.4 Fighting
 + Level 9.2 Long Blades
 + Level 7.4 Armour
 + Level 5.7 Dodging
 + Level 7.3 Shields
 + Level 5.3 Invocations


You had 8 spell levels left.
You didn't know any spells.
Your spell library was empty.

Dungeon Overview and Level Annotations

Branches:
Dungeon (8/15)             Temple (1/1) D:6
   Lair: D:8-11

Altars:
Cheibriados
Dithmenos
Elyvilon
Fedhas
Gozag
Hepliaklqana
Kikubaaqudgha
Makhleb
Nemelex Xobeh
Okawaru
Qazlal
Ru
Sif Muna
Uskayaw
Vehumet
Wu Jian
Xom
Yredelemnul
Zin
The Shining One

Shops:
D:5 !

Annotations:
D:8 Gastronok, Pikel


Innate Abilities, Weirdness & Mutations

You reflexively headbutt those who attack you in melee.
You have a pair of horns on your head.


Message History

You hit Gastronok. You headbutt Gastronok.
Gastronok is heavily wounded.
Gastronok bites you!!
* * * LOW HITPOINT WARNING * * *
You hit Gastronok but do no damage.
Gastronok is heavily wounded.
Gastronok misses you. You furiously retaliate!
You headbutt Gastronok.
A slave comes into view.
Evoke which item? (* to show all) (? for menu, Esc to quit)
Aiming: Corrosive Bolt
Press: ? - help, Shift-Dir - straight line, f - Pikel, p - Gastronok
Aim: Pikel, wielding a +0 whip of flaming, wearing a +0 robe and carrying a The bolt of acid hits Gastronok.
Gastronok is splashed with acid.
The acid corrodes Gastronok!
Gastronok is heavily wounded.
The bolt of acid misses Pikel.
A slave comes into view.
Gastronok waves his eye-stalks in wide circles.
The air twists around and strikes you!
You die...

*+*****
*..#*##.>...##...#
,,,,,,* *#p#
##)..####.##
,,,,,,* #.# ##.##
*.# ,,,,,,* #p# #.#
*.# ,,,,,,* #.# #.#
*.# ,,,...####.#
#.# *.#
,,,......p.#### #.#
*.#
,,,..........K###.#
*,*
***..##.....prw[@.#
*,*
***,,*#.#..##.#####
*,*
,,>,,...#.......*
*,*
***,.##*#.###.#)#
*,* *.,**,..* #.#.#
*,* *,,**$##* #.#,#
*,* ***,,*#.* #?#,*
*,* ,,,,,**,* #.#,*
*,* ****,**,* *,*,*
*,*


You could see Gastronok, Pikel, 2 slaves and a rat.

Vanquished Creatures
  An unseen horror (D:8)
  2 slime creatures (D:7)
  Prince Ribbit (D:8)
  A hippogriff (D:8)
  A vampire mosquito (D:8)
  A water moccasin (D:8)
  2 sky beasts
  A sky beast (shapeshifter) (D:8)
  An ice beast (D:5)
  A black bear (D:7)
  2 slaves (D:8)
  A phantom (D:5)
  2 ogres
  A necrophage (D:8)
  A big kobold (D:7)
  4 bullfrogs
  A water moccasin skeleton (D:7)
  4 jellies (D:7)
  A bullfrog zombie (D:7)
  A crimson imp (D:6)
  5 hounds
  Crazy Yiuf (D:5)
  3 orc wizards
  A bullfrog skeleton (D:4)
  A centaur skeleton (D:5)
  4 iguanas
  3 worker ants
  2 hound skeletons
  A howler monkey skeleton (D:6)
  12 adders
  A shadow imp (D:6)
  4 oozes (D:7)
  An adder skeleton (D:5)
  An adder zombie (D:4)
  3 worms
  4 dart slugs
  9 leopard geckos
  11 orcs
  5 bats
  7 giant cockroaches
  5 goblins
  6 hobgoblins
  2 jackals (D:8)
  3 quokkas (D:5)
  2 ball pythons
  A ball python skeleton (D:4)
  6 frilled lizards
  16 kobolds
  5 rats
155 creatures vanquished.

Vanquished Creatures (others)
  A fungus (D:7)
  6 toadstools (D:7)
7 creatures vanquished.

Grand Total: 162 creatures vanquished

Notes
Turn   | Place    | Note
-------+----------+-------------------------------------------
     0 | D:1      | George the Minotaur Fighter began the quest for the Orb.
     0 | D:1      | Reached XP level 1. HP: 19/19 MP: 0/0
    41 | D:1      | Reached skill level 3 in Long Blades
    73 | D:1      | Reached XP level 2. HP: 26/26 MP: 1/1
   287 | D:1      | Reached skill level 4 in Long Blades
   406 | D:1      | Reached XP level 3. HP: 28/31 MP: 2/2
  1170 | D:2      | Reached skill level 5 in Long Blades
  1200 | D:2      | Reached XP level 4. HP: 33/39 MP: 3/3
  1713 | D:3      | Found a glowing golden altar of the Shining One.
  1754 | D:3      | Reached skill level 6 in Long Blades
  1900 | D:3      | Reached XP level 5. HP: 45/45 MP: 4/4
  1911 | D:3      | Became a worshipper of the Shining One
  1989 | D:4      | Found a deep blue altar of Sif Muna.
  2172 | D:4      | Noticed an ogre
  2182 | D:4      | Killed an ogre
  2182 | D:4      | Reached skill level 1 in Dodging
  2182 | D:4      | Reached skill level 1 in Invocations
  2218 | D:4      | Reached XP level 6. HP: 52/52 MP: 5/5
  2570 | D:5      | Entered Level 5 of the Dungeon
  2570 | D:5      | Found a basalt altar of Yredelemnul.
  2580 | D:5      | Found a white marble altar of Elyvilon.
  2598 | D:5      | Reached XP level 7. HP: 39/60 MP: 7/7
  2648 | D:5      | Reached skill level 7 in Long Blades
  2863 | D:5      | Found a glowing golden altar of the Shining One.
  2866 | D:5      | Found an iron altar of Okawaru.
  2996 | D:5      | Reached skill level 5 in Armour
  3024 | D:5      | Reached skill level 5 in Fighting
  3083 | D:5      | Reached skill level 5 in Shields
  3217 | D:5      | Found Obriblig's Distillery.
  3226 | D:5      | Bought a potion of heal wounds for 70 gold pieces
  3247 | D:5      | Reached * piety under the Shining One
  3255 | D:5      | Reached XP level 8. HP: 64/68 MP: 9/9
  3377 | D:5      | Found a runed door.
  3381 | D:5      | Noticed Crazy Yiuf
  3386 | D:5      | Killed Crazy Yiuf
  3670 | D:6      | Found a staircase to the Ecumenical Temple.
  3682 | Temple   | Entered the Ecumenical Temple
  4667 | D:7      | Reached skill level 8 in Long Blades
  5300 | D:7      | Noticed a slime creature
  5300 | D:7      | Noticed a slime creature
  5312 | D:7      | Killed a slime creature
  5312 | D:7      | Reached XP level 9. HP: 60/77 MP: 9/11
  5443 | D:8      | Got a polished trident
  5465 | D:8      | Noticed Prince Ribbit
  5473 | D:8      | Found a basalt altar of Yredelemnul.
  5473 | D:8      | Found a hazy altar of Hepliaklqana.
  5473 | D:8      | Reached ** piety under the Shining One
  5476 | D:8      | Noticed an unseen horror
  5495 | D:8      | Reached skill level 5 in Dodging
  5497 | D:8      | Killed Prince Ribbit
  5505 | D:8      | Noticed an orb spider
  5508 | D:8      | Killed an unseen horror
  5508 | D:8      | Reached skill level 9 in Long Blades
  5508 | D:8      | Reached skill level 5 in Invocations
  5510 | D:8      | an orb spider changed into a human
  5561 | D:8      | Noticed Gastronok
  5577 | D:8      | Noticed Pikel
  5579 | D:8      | HP: 3/79 [Gastronok (24)]
  5582 | D:8      | Killed from afar by Gastronok

Vault maps used:
D:1:      onia_arrival_pyramid, minmay_misc_feat_four_crosses
D:2:      first_ration, minmay_hexomino_f4
D:3:      tso_metal_star
D:4:      old_standard_altar
D:5:      gammafunk_temple_overflow_forgotten, lemuel_crystal_altar,
          serial_shops, shop, uniq_crazy_yiuf_cottage
D:6:      minmay_temple_entry_tees, minmay_misc_feat_chi
D:7:      cheibrodos_fertilizer
D:8:      enter_bailey_8, david_nohive_1, jmf_multi_god_temple, uniq_gastronok,
          uniq_pikel, uniq_prince_ribbit1
Temple:   regret_index_temple_generic_petals

Skill      XL: |  1  2  3  4  5  6  7  8  9 |
---------------+----------------------------+-----
Long Blades    | 3 4 5 6 7 8 9 |  9.2
Fighting       | 4 5 6 7 |  7.4
Armour         | 4 5 6 7 |  7.4
Dodging        | 1 2 3 4 5 |  5.7
Shields        | 4 5 6 7 |  7.3
Invocations    | 1 2 4 5 |  5.3

Action                   |  1- 3 |  4- 6 |  7- 9 || total
-------------------------+-------+-------+-------++-------
Melee: Long sword        |    73 |   123 |   255 ||   451
       Headbutt          |     7 |    14 |    53 ||    74
Invok: Divine Shield     |       |       |     1 ||     1
Evoke: Wand              |       |       |     6 ||     6
  Use: Scroll            |       |     3 |    14 ||    17
  Eat: Chunk             |     1 |     4 |    11 ||    16
Armor: Scale mail        |    28 |    30 |    88 ||   146
Dodge: Dodged            |    23 |    37 |    99 ||   159
Block: Shield            |    40 |    56 |   148 ||   244
       Rpst.: Long sword |     4 |     8 |    30 ||    42

Table legend:
 A = Non-vault XP
 B = Vault XP
 C = Vault XP percentage of total XP
 D = Non-vault monster count
 E = Vault monster count
 F = Vault count percentage of total count
                 A         B        C        D         E       F
            +---------+---------+-------+---------+---------+-------
      Total |    3229 |    1915 |  37.2 |     129 |      24 |  15.7
            +---------+---------+-------+---------+---------+-------
        D:1 |      51 |       0 |   0.0 |      25 |       0 |   0.0
        D:2 |      66 |       6 |   8.3 |      16 |       3 |  15.8
        D:3 |      77 |       0 |   0.0 |      17 |       0 |   0.0
        D:4 |     356 |       0 |   0.0 |      14 |       0 |   0.0
        D:5 |     873 |      41 |   4.5 |      29 |       1 |   3.3
        D:6 |     198 |       0 |   0.0 |       6 |       0 |   0.0
        D:7 |    1011 |     594 |  37.0 |      13 |      16 |  55.2
        D:8 |     597 |    1274 |  68.1 |       9 |       4 |  30.8
            +---------+---------+-------+---------+---------+-------
